 Dungeon Crawl Stone Soup version 0.19.1-1-g22dce08 (webtiles) character file.

186 Jerry the Slasher (level 5, -1/38 HPs)
             Began as a Demonspawn Gladiator on Jan 3, 2017.
             Was an Initiate of Okawaru.
             Slain by Eustachio
             ... wielding a +0 falchion
              (3 damage)
             ... on level 4 of the Dungeon.
             The game lasted 00:07:16 (3264 turns).

Jerry the Slasher (Demonspawn Gladiator)            Turns: 3264, Time: 00:07:16

Health: -1/38      AC: 10    Str: 16      XL:     5   Next: 38%
Magic:  5/5        EV: 11    Int:  9      God:    Okawaru [......]
Gold:   186        SH:  0    Dex: 13 (14) Spells: 0 memorised, 4 levels left

rFire  . . .     SeeInvis .     a - +0 long sword
rCold  . . .     Gourm    .     k - +1 scale mail {MR+}
rNeg   . . .     Faith    .     (no shield)
rPois  .         Spirit   .     c - +0 helmet
rElec  .         Reflect  .     (no cloak)
rCorr  .         Harm     .     (no gloves)
MR     +....                    (no boots)
Stlth  +.........               (no amulet)
                                (no ring)
                                (no ring)

@: no status effects
A: hooves 2, slimy green scales 1, nightstalker 1
a: Renounce Religion


You were on level 4 of the Dungeon.
You worshipped Okawaru.
Okawaru was noncommittal.
You were not hungry.

You visited 1 branch of the dungeon, and saw 4 of its levels.

You collected 186 gold pieces.

Inventory:

Hand Weapons
 a - a +0 long sword (weapon)
Armour
 b - a +0 leather armour
 c - a +0 helmet (worn)
 k - a +1 scale mail of magic resistance (worn)
Scrolls
 e - 2 scrolls of identify {unknown}
 h - 2 scrolls of noise {unknown}
 l - a scroll of remove curse {unknown}
 p - 2 scrolls of enchant armour {unknown}
 q - a scroll of magic mapping {unknown}
 r - a scroll of random uselessness {unknown}
 t - a scroll of amnesia {unknown}
Potions
 g - a potion of berserk rage {unknown}
 j - a potion of curing {unknown}
 m - a potion of invisibility {unknown}
 s - 2 potions of agility {unknown}
 u - 3 potions of mutation {unknown}
Comestibles
 f - 2 bread rations
 i - a slice of pizza
 o - 3 meat rations


   Skills:
 - Level 2.0 Fighting
 + Level 4.0 Long Blades
 - Level 1.7 Throwing
 + Level 2.6 Armour
 + Level 3.6 Dodging


You had 4 spell levels left.
You didn't know any spells.

Dungeon Overview and Level Annotations

Branches:
Dungeon (4/15)
 Temple: D:4-7

Altars:
Fedhas
Hepliaklqana
Makhleb
Nemelex Xobeh
Okawaru
Qazlal
Uskayaw

Annotations:
D:4 Eustachio, Menkaure


Innate Abilities, Weirdness & Mutations

You have hoof-like feet.
You are partially covered in slimy green scales. (AC +2)
You are slightly more attuned to the shadows.


Message History

Menkaure shouts!
The iron imp hits you but does no damage.
Menkaure mumbles some strange words.
Menkaure seems to speed up.
Eustachio barely misses you. The quokka barely misses you.
You miss Eustachio. You kick Eustachio.
Eustachio is almost dead.
Menkaure calls on the powers of darkness!
You feel a surge of unholy energy. The quokka barely misses you.
You riposte.
You slash the quokka!
You kill the quokka!
The quokka's corpse disappears in a puff of smoke!
The iron imp shouts, "Slither home, thou goatish nut-hook tiler!"
The iron imp barely misses you.
The river rat twitches its whiskers.
The river rat closely misses you.
You riposte.
You completely miss the river rat. Your kick misses the river rat.
The river rat is almost dead.
The iron imp barely misses you. Eustachio hits you with a falchion.
You die...

##..# o...# .M..#
.#.....##########
...##...>)#.....##
..................##
.#................#
...........(..r5..#
#..........@@ยง..#
.####............5..#
......(..........<..#
...###.............##
..# ##...M.#.....##
..# ############# ..#
.# .##


You could see Eustachio, Menkaure, 2 iron imps and a river rat.

Vanquished Creatures
  An orc wizard (D:3)
  A worker ant (D:3)
  8 adders
  3 worms
  5 dart slugs
  2 leopard geckos (D:2)
  3 orcs (D:3)
  6 bats
  3 giant cockroaches
  6 goblins
  2 hobgoblins
  A quokka (D:2)
  A ball python (D:2)
  2 frilled lizards (D:2)
  7 kobolds
  5 rats
56 creatures vanquished.

Notes
Turn   | Place    | Note
-------+----------+-------------------------------------------
     0 | D:1      | Jerry the Demonspawn Gladiator began the quest for the Orb.
     0 | D:1      | Reached XP level 1. HP: 16/16 MP: 1/1
   147 | D:1      | Gained mutation: You have large cloven feet. [demonic ancestry]
   147 | D:1      | Reached XP level 2. HP: 22/22 MP: 2/2
   173 | D:1      | Reached skill level 1 in Armour
   580 | D:2      | Reached skill level 3 in Long Blades
   675 | D:2      | Gained mutation: You are partially covered in slimy green scales. (AC +2) [demonic ancestry]
   675 | D:2      | Reached XP level 3. HP: 14/27 MP: 3/3
  1129 | D:2      | Gained mutation: You have hoof-like feet. [demonic ancestry]
  1129 | D:2      | Reached XP level 4. HP: 25/33 MP: 4/4
  1262 | D:2      | Found a faded altar of an unknown god.
  1415 | D:2      | Found an iron altar of Okawaru.
  1415 | D:2      | Found a burning altar of Makhleb.
  1422 | D:2      | Became a worshipper of Warmaster Okawaru
  1689 | D:3      | Found a sparkling altar of Nemelex Xobeh.
  1874 | D:3      | Found a hide-covered altar of Uskayaw.
  1881 | D:3      | Gained mutation: You are slightly more attuned to the shadows. [demonic ancestry]
  1881 | D:3      | Reached XP level 5. HP: 38/38 MP: 5/5
  2153 | D:3      | Found a hazy altar of Hepliaklqana.
  2156 | D:3      | Found a stormy altar of Qazlal.
  2159 | D:3      | Found a blossoming altar of Fedhas.
  2533 | D:4      | Noticed Eustachio
  2756 | D:4      | Noticed Menkaure
  2960 | D:3      | Reached skill level 4 in Long Blades
  3264 | D:4      | Slain by Eustachio

Skill      XL: |  1  2  3  4  5 |
---------------+----------------+-----
Armour         | 1 2 |  2.6
Long Blades    | 3 4 |  4.0
Dodging        | 3 |  3.6
Fighting       | |  2.0
Throwing       | |  1.7

Action                   |  1- 3 |  4- 6 || total
-------------------------+-------+-------++-------
Melee: Long sword        |   107 |   111 ||   218
       Kick              |    24 |    38 ||    62
Throw: Throwing net      |       |     4 ||     4
 Stab: Held in net/web   |       |     2 ||     2
  Eat: Chunk             |     1 |     5 ||     6
       Beef jerky        |       |     1 ||     1
Armor: Leather armour    |    14 |       ||    14
       Scale mail        |    44 |    80 ||   124
Dodge: Dodged            |    74 |    94 ||   168
       Rpst.: Long sword |    19 |    28 ||    47
